 Dungeon Crawl Stone Soup version 0.32-a0-607-g64ea0e4 (webtiles) character file.

Game seed: 18316176235566666387

126534 dbsdud3269 the Brawler (level 16, -2/132 HPs)
             Began as a Human Monk on Mar 2, 2024.
             Was the Champion of Elyvilon.
             Slain by a ghost moth (4 damage)
             ... on level 2 of the Spider Nest on Mar 3, 2024.
             The game lasted 00:55:37 (39957 turns).

dbsdud3269 the Brawler (Human Monk)                Turns: 39957, Time: 00:55:37

Health: -2/132     AC: 18    Str: 17 (20) XL:     16   Next: 98%
Magic:  0/25       EV: 15    Int: 11      God:    Elyvilon [******]
Gold:   1015       SH:  0    Dex: 19 (21) Spells: 15/15 levels left

rFire   + .          .
                       - Unarmed
rCold   + . .        c - orb {light}
rNeg    . . .        a - +0 swamp dragon scales
rPois   +            L - +2 helmet "Inycwosk" {rElec Str+2 Dex-2}
rElec   +            R - scarf {shadows}
rCorr   .            D - +0 pair of gloves
SInv    .            l - +0 pair of boots
Will    +....        v - amulet of faith Stlth
                     s - ring of protection from fire
HPRegen 0.42/turn    X - ring of Xuephipn {rPois rC+ Dex+6}
MPRegen 0.19/turn

%: faith
@: confused, glowing
A: explore regen
a: Renounce Religion, Purification, Heal Other, Heal Self, Divine Vigour


You were on level 2 of the Spider Nest.
You worshipped Elyvilon.
Elyvilon was exalted by your worship.
You visited 5 branches of the dungeon, and saw 26 of its levels.
You also visited: Gauntlet.

You collected 2424 gold pieces.
You spent 1409 gold pieces at shops.

Inventory:

Armour
 a - +0 swamp dragon scales (worn)
 c - an orb of light (worn)
 l - a +0 pair of boots (worn)
 D - a +0 pair of gloves (worn)
 L - the +2 helmet "Inycwosk" (worn) {rElec Str+2 Dex-2}
   (You found it in a Gauntlet)

   Str+2:     It affects your strength (+2).
   Dex-2:     It affects your dexterity (-2).
   rElec:     It insulates you from electricity.
 R - a scarf of shadows (worn)
 S - an orb of mayhem
Jewellery
 s - a ring of protection from fire (left hand)
 v - an amulet of faith (around neck)
 x - a ring of resist corrosion
 B - the amulet of Leaves {Rampage ^Fragile rElec RegenMP+}
   (You found it in a Gauntlet)

   [amulet of magic regeneration]

   It increases your rate of magic regeneration.
   rElec:     It insulates you from electricity.
   ^Fragile:  It will be destroyed if unequipped.
   Rampage:   It bestows one free step when moving towards enemies.
   RegenMP+:  It increases your rate of magic regeneration.
 P - the ring "Wetanez" {rC+ rN+}
   (You bought it in a shop on level 2 of the Orcish Mines)

   [ring of positive energy]

   rC+:       It protects you from cold.
   rN+:       It protects you from negative energy.
 X - the ring of Xuephipn (right hand) {rPois rC+ Dex+6}
   (You bought it in a shop on level 6 of the Dungeon)

   [ring of dexterity]

   Dex+6:     It affects your dexterity (+6).
   rC+:       It protects you from cold.
   rPois:     It protects you from poison.
Wands
 F - a wand of polymorph (5)
 J - a wand of paralysis (16)
 O - a wand of digging (5)
 T - a wand of mindburst (1)
 V - a wand of flame (2)
Scrolls
 f - 2 scrolls of fear
 h - 8 scrolls of fog
 k - 3 scrolls of blinking
 m - 6 scrolls of enchant armour
 n - a scroll of immolation
 o - 3 scrolls of enchant weapon
 q - 4 scrolls of amnesia
 r - 5 scrolls of revelation
 u - 3 scrolls of vulnerability
 y - 6 scrolls of teleportation
 A - 3 scrolls of poison
 G - 2 scrolls of brand weapon
 U - a scroll of identify
Potions
 b - a potion of ambrosia
 d - 6 potions of curing
 g - 2 potions of invisibility
 i - 3 potions of heal wounds
 j - 2 potions of might
 p - a potion of lignification
 w - 2 potions of haste
 z - 3 potions of attraction
 C - 2 potions of brilliance
 E - 2 potions of resistance
 H - 2 potions of cancellation
 I - 3 potions of enlightenment
 K - a potion of mutation
 Q - a potion of berserk rage
Miscellaneous
 e - a lightning rod (3/4)
 t - a condenser vane
 M - a phantom mirror
 N - a sack of spiders


   Skills:
 + Level 13.8 Fighting
 + Level 13.3 Armour
 + Level 6.8 Dodging
 * Level 18.8 Unarmed Combat
 - Level 12.0 Invocations
 + Level 8.3 Evocations


You had 15 spell levels left.
You didn't know any spells.
Your spell library contained the following spells:

 Spells                   Type           Power      Damage    Failure   Level
 Foxfire                  Conj/Fire      0%         2x1d4     50%         1
 Freeze                   Ice            0%         1d3       50%         1
 Shock                    Conj/Air       0%         1d3       50%         1
 Blink                    Tloc           0%         N/A       63%         2
 Cigotuvi's Dreadful Rot  Necr/Alch/Air  0%         N/A       63%         2
 Ensorcelled Hibernation  Hex/Ice        0%         N/A       63%         2
 Lesser Beckoning         Tloc           0%         N/A       63%         2
 Momentum Strike          Conj/Tloc      0%         3d8       63%         2
 Scorch                   Fire           0%         2d5       63%         2
 Sublimation of Blood     Necr           0%         N/A       63%         2
 Dazzling Flash           Conj/Hex       0%         N/A       86%         3
 Frozen Ramparts          Ice            0%         1d1       86%         3
 Hailstorm                Conj/Ice       0%         3d5       86%         3
 Mephitic Cloud           Conj/Alch/Air  0%         N/A       86%         3
 Ozocubu's Armour         Ice            0%         N/A       86%         3
 Passwall                 Erth           0%         N/A       86%         3
 Swiftness                Air            0%         N/A       86%         3
 Airstrike                Air            0%         2d(0-16)  99%         4
 Flame Wave               Conj/Fire      0%         2d4       99%         4
 Ignite Poison            Fire/Alch      0%         N/A       99%         4
 Olgreb's Toxic Radiance  Alch           0%         N/A       99%         4
 Petrify                  Alch/Erth      0%         N/A       99%         4
 Vhi's Electric Charge    Tloc/Air       0%         N/A       99%         4
 Arcjolt                  Conj/Air       0%         1d10      100%        5
 Curse of Agony           Necr           0%         N/A       100%        5
 Freezing Cloud           Conj/Ice/Air   0%         6-21      100%        5
 Irradiate                Conj/Alch      0%         3d11      100%        5
 Metabolic Englaciation   Hex/Ice        0%         N/A       100%        5
 Silence                  Hex/Air        0%         N/A       100%        5
 Plasma Beam              Fire/Air       0%         2x1d10    100%        6
 Sculpt Simulacrum        Ice/Alch       0%         N/A       100%        6
 Starburst                Conj/Fire      0%         6d3       100%        6
 Summon Cactus Giant      Summ           0%         N/A       100%        6
 Ozocubu's Refrigeration  Ice            0%         4d7       100%        7
 Discord                  Hex            0%         N/A       100%        8
 Maxwell's Capacitive Co  Air            0%         ∞         100%        8


Dungeon Overview and Level Annotations

Branches:
Dungeon (15/15)            Temple (1/1) D:6            Lair (5/5) D:10
 Shoals (0/4) Lair:2       Spider (3/4) Lair:2        Slime (0/5) Lair:4
    Orc (2/2) D:12            Elf (0/3) Orc:2        Vaults (0/5) D:13
 Depths (0/4) D:15        Gauntlet (visited)

Altars:
Ashenzari
Cheibriados
Dithmenos
Elyvilon
Fedhas
Gozag
Hepliaklqana
Kikubaaqudgha
Makhleb
Nemelex Xobeh
Okawaru
Qazlal
Ru
Sif Muna
Trog
Uskayaw
Vehumet
Wu Jian
Xom
Yredelemnul
Zin
The Shining One
Beogh
Jiyva
Lugonu

Shops:
D:2 *   D:6 [=   D:11 *   D:15 [   Orc:1 ?   Orc:2 (=:=

Portals:
Abyss: Lair:5

Annotations:
D:10 1 runed translucent door, eternalray's ghost, journeyman MiFi
Lair:5 exclusion: orange crystal statue


Innate Abilities, Weirdness & Mutations

You regain HP and MP as you explore.


Message History

The ghost moth stings you but does no damage.
The tarantella closely misses you. The demonic crawler hits you!
* * * LOW HITPOINT WARNING * * *
The demonic crawler barely misses you.
The demonic crawler closely misses you. 17의 피해를 받았다. 현재 남은 체력은 [26/132] 다.
The tarantella touches you.
* * * LOW HITPOINT WARNING * * *
The ghost moth hits you.
* * * LOW HITPOINT WARNING * * *
You feel clumsy.
The ghost moth completely misses you. x2
The demonic crawler hits you but does no damage.
The demonic crawler completely misses you.
The demonic crawler barely misses you. 10의 피해를 받았다. 현재 남은 체력은 [16/132] 다.
The tarantella touches you.
* * * LOW HITPOINT WARNING * * *
You are afflicted by dizzying energies!
You are confused.
The ghost moth stares at you.
You feel your power leaking away.
* * * LOW MAGIC WARNING * * *
The ghost moth hits you.
* * * LOW HITPOINT WARNING * * *
The ghost moth hits you!
* * * LOW HITPOINT WARNING * * *
You feel weakened.
The ghost moth stings you but does no damage.
The demonic crawler hits you. Elyvilon protects you from harm!
The demonic crawler hits you! Elyvilon protects you from harm!
The demonic crawler barely misses you. The tarantella misses you.
The ghost moth stares at you.
You feel your power leaking away.
* * * LOW MAGIC WARNING * * *
The ghost moth hits you.
* * * LOW HITPOINT WARNING * * *
The ghost moth misses you. The ghost moth stings you.
You die...

#.............##......##..
#..............###.....#..
#............#####........
#...........##...##.......
#.......^..##.....###.....
#.........##....#.....^.##
#.........#....^##...####.
#....<..sy#......#).^#....
#.......s@#...#..#####....
#......########...##......
#.....##..###......#......
#.....#....#......##......
#.....##^..)......#.......
#.....)#........###.......
#............####.........
#............#............
#............#............


You could see a ghost moth (invisible), a demonic crawler and a tarantella.

Vanquished Creatures
  Jorgrun (D:12)
  Gastronok (Lair:3)
  Kirke (Spider:1)
  Aizul (Spider:1)
  2 emperor scorpions (Spider:2)
  2 ghost moths
  An orc warlord (Orc:1)
  An ettin (Orc:2)
  Josephine (Orc:1)
  2 rakshasas
  A catoblepas (D:15)
  3 vault guards (D:13)
  4 hydras
  A death knight (D:14)
  4 boulder beetles
  3 ogre magi
  A death yak (Lair:5)
  5 centaur warriors
  16 two-headed ogres
  2 demonic crawlers
  3 thrashing horrors (Lair:5)
  A pharaoh ant (Spider:2)
  A skyshark (Lair:5)
  An iron troll (Orc:1)
  7 skeletal warriors
  2 orb spiders
  2 large abominations (Lair:5)
  A deep troll (Orc:2)
  Pikel (D:7)
  An arcanist (D:13)
  4 steelbarb worms
  A necromancer (D:15)
  An orc knight (D:13)
  4 wolf spiders
  An orc sorcerer (D:15)
  3 cyclopes
  5 manticores
  2 deep elf pyromancers (D:15)
  2 oklob plants
  23 ugly things
  A moth of wrath (Spider:2)
  2 meliai (shapeshifter)
  5 kobold blastminers
  3 black mambas
  9 elephants
  3 meliai (Spider:2)
  A smoke demon (Lair:5)
  Maggie (D:6)
  2 torpor snails
  A centaur zombie (D:15)
  3 gargoyles
  6 cane toads
  Joseph (D:9)
  3 centaur skeletons (D:15)
  A kobold demonologist (D:11)
  2 unseen horrors (D:11)
  A minotaur zombie (Gauntlet)
  2 rime drakes
  5 komodo dragons
  2 freezing wraiths (D:14)
  4 tengu conjurers
  9 trolls
  2 polar bears
  A wolf spider simulacrum (D:14)
  8 tarantellas
  3 hornets
  A raiju (Lair:5)
  16 blink frogs
  6 jumping spiders
  Sigmund (D:5)
  4 dream sheep (Lair:5)
  9 slime creatures
  2 centaur simulacra
  A spriggan (Lair:5)
  5 wraiths
  2 ynoxinuls (Lair:5)
  A vampire (D:11)
  7 culicivoras
  5 hogs (Spider:1)
  6 wyverns
  Eustachio (D:6)
  51 yaks
  2 wargs (Orc:1)
  6 basilisks
  22 redbacks
  2 chaos spawn (Lair:5)
  3 steam dragons
  17 vampire mosquitoes
  Menkaure (D:6)
  A two-headed ogre zombie (D:12)
  Edmund (D:5)
  5 acid dragons
  8 water moccasins
  Duvessa (D:5)
  12 orc warriors
  A black bear (Lair:3)
  5 boggarts (D:15)
  10 wolves
  21 ogres
  11 centaurs
  2 lemures (D:7)
  3 phantoms
  Blork the orc (D:5)
  4 kobold brigands
  8 bullfrogs
  3 scorpions (D:5)
  8 small abominations (Lair:5)
  A hornet simulacrum (D:15)
  Dowan (D:5)
  A troll zombie (D:12)
  9 howler monkeys
  2 jellies
  3 lava snakes (Lair:5)
  A hound (D:5)
  9 orc priests
  2 gnoll boudas
  A sleepcap (D:7)
  Ijyb (D:5)
  4 iguanas
  10 orc wizards
  7 hell rats (Lair:1)
  6 ogre zombies (D:12)
  11 gnolls
  8 adders
  A shadow imp (D:8)
  3 dart slugs
  2 ribbon worms (D:2)
  51 orcs
  9 endoplasms
  6 giant cockroaches
  2 gnoll zombies (D:12)
  7 goblins
  10 hobgoblins
  8 quokkas
  5 ball pythons
  4 bats
  3 frilled lizards
  3 gnoll skeletons (D:12)
  12 kobolds
  6 orc skeletons (D:12)
  14 orc zombies (D:12)
  8 rats
707 creatures vanquished.

Vanquished Creatures (collateral kills)
  A minotaur (Gauntlet)
  A moth of wrath (Gauntlet)
  A minotaur zombie (Gauntlet)
  A spriggan (Lair:5)
  2 redbacks (Gauntlet)
  3 small abominations (Lair:5)
  A gnoll bouda (D:4)
  A gnoll (D:4)
11 creatures vanquished.

Vanquished Creatures (others)
  A vault guard (D:13)
  A deep elf knight (D:13)
  An arcanist (D:13)
  A yaktaur (D:13)
  A komodo dragon (Lair:3)
  A tarantella (Spider:3)
  2 basilisks
  An orc (Orc:2)
9 creatures vanquished.

Grand Total: 727 creatures vanquished

Notes
Turn   | Place    | Note
-------+----------+-------------------------------------------
     0 | D:1      | dbsdud3269 the Human Monk began the quest for the Orb.
     0 | D:1      | Reached XP level 1. HP: 18/18 MP: 1/1
   170 | D:1      | Reached XP level 2. HP: 19/24 MP: 2/2
   365 | D:1      | Reached skill level 1 in Armour
   396 | D:1      | Reached XP level 3. HP: 19/29 MP: 3/3
  1157 | D:2      | Upgraded the game from 0.32-a0-592-g97116cf to
                  | 0.32-a0-596-g69a5a37
  1189 | D:2      | Found Hoanoa's General Store.
  1205 | D:2      | Reached skill level 4 in Unarmed Combat
  1224 | D:2      | Bought a potion of curing for 42 gold pieces
  1244 | D:2      | Reached XP level 4. HP: 34/35 MP: 4/4
  1859 | D:3      | Reached XP level 5. HP: 28/42 MP: 5/5
  2287 | D:3      | Found a faded altar of an unknown god.
  2614 | D:4      | Noticed a phantom
  2634 | D:4      | Killed a phantom
  2635 | D:4      | Reached skill level 5 in Unarmed Combat
  2635 | D:4      | Reached XP level 6. HP: 41/48 MP: 6/6
  2717 | D:4      | Identified the +9 war axe of Balance {heavy, rF+ Int+6}
  3935 | D:5      | Entered Level 5 of the Dungeon
  4009 | D:5      | Reached XP level 7. HP: 55/55 MP: 7/7
  4020 | D:5      | Reached skill level 6 in Unarmed Combat
  4160 | D:5      | Found a snail-covered altar of Cheibriados.
  4162 | D:5      | Found an iron altar of Okawaru.
  4164 | D:5      | Found a sparkling altar of Nemelex Xobeh.
  4284 | D:5      | Noticed Edmund
  4302 | D:5      | Killed Edmund
  4339 | D:5      | Reached skill level 5 in Fighting
  4507 | D:5      | Noticed Sigmund
  4527 | D:5      | Killed Sigmund
  4528 | D:5      | Reached XP level 8. HP: 45/62 MP: 8/8
  4534 | D:5      | Reached skill level 7 in Unarmed Combat
  4626 | D:5      | Noticed Duvessa
  4628 | D:5      | Noticed Dowan
  4689 | D:5      | Killed Duvessa
  4840 | D:5      | Killed Dowan
  4931 | D:5      | Noticed Ijyb
  4948 | D:5      | Killed Ijyb
  5671 | D:6      | Noticed Maggie
  5692 | D:6      | Killed Maggie
  5693 | D:6      | Reached skill level 5 in Armour
  5693 | D:6      | Reached skill level 8 in Unarmed Combat
  5741 | D:6      | Noticed Menkaure
  5855 | D:6      | Noticed Blork the orc
  5856 | D:6      | Found a broken altar of Ashenzari.
  5963 | D:6      | Killed Menkaure
  5964 | D:6      | Reached XP level 9. HP: 40/70 MP: 9/9
  6074 | D:5      | Killed Blork the orc
  6308 | D:6      | Found an ancient bone altar of Kikubaaqudgha.
  6375 | D:6      | Reached skill level 9 in Unarmed Combat
  6413 | D:6      | Found a staircase to the Ecumenical Temple.
  6446 | D:6      | Noticed Eustachio
  6475 | Temple   | Entered the Ecumenical Temple
  6514 | D:6      | Killed Eustachio
  6619 | D:6      | Found Huuruwn's Jewellery Shop.
  6637 | D:6      | Noticed a two-headed ogre
  6751 | D:7      | Found a shimmering altar of Xom.
  6751 | D:7      | Found a white marble altar of Elyvilon.
  6756 | D:7      | Found an ornate altar of the Wu Jian Council.
  6772 | D:7      | Became a worshipper of Elyvilon the Healer
  6772 | D:7      | Reached * piety under Elyvilon
  6772 | D:7      | Reached ** piety under Elyvilon
  7082 | D:7      | Noticed Pikel
  7114 | D:7      | Killed Pikel
  7115 | D:7      | Reached skill level 1 in Invocations
  7115 | D:7      | Reached skill level 1 in Evocations
  7791 | D:6      | Found Jygg's Armour Shoppe.
  7922 | D:8      | Noticed a two-headed ogre
  8090 | D:8      | Noticed a hornet
  8103 | D:8      | Killed a hornet
  8104 | D:8      | Reached skill level 10 in Unarmed Combat
  8104 | D:8      | Reached XP level 10. HP: 55/79 MP: 11/11
  8433 | D:8      | Killed a two-headed ogre
  8791 | D:8      | Reached *** piety under Elyvilon
  9144 | D:9      | Noticed a manticore
  9156 | D:9      | Killed a manticore
  9596 | D:9      | Reached skill level 11 in Unarmed Combat
  9736 | D:9      | Noticed Joseph
  9745 | D:9      | Killed Joseph
 10108 | D:10     | Entered Level 10 of the Dungeon
 10108 | D:10     | Noticed a two-headed ogre
 10119 | D:10     | HP: 4/80 [two-headed ogre/+0 giant spiked club (9)]
 10120 | D:10     | Killed a two-headed ogre
 10121 | D:10     | Reached XP level 11. HP: 5/87 MP: 0/14
 10490 | D:10     | Reached skill level 5 in Invocations
 10871 | D:10     | Found a runed translucent door.
 10871 | D:10     | Noticed eternalray's ghost (journeyman MiFi)
 10983 | D:10     | Reached **** piety under Elyvilon
 11165 | D:10     | Found a staircase to the Lair.
 11614 | D:11     | Found Yggosil's General Store.
 11741 | D:11     | Reached skill level 12 in Unarmed Combat
 11741 | D:11     | Reached skill level 5 in Evocations
 11753 | D:11     | Noticed a two-headed ogre
 11759 | D:11     | Killed a two-headed ogre
 12142 | D:11     | Noticed a boulder beetle
 12182 | D:11     | Killed a boulder beetle
 12648 | Lair:1   | Entered Level 1 of the Lair of Beasts
 12691 | Lair:1   | Reached XP level 12. HP: 59/95 MP: 16/16
 12786 | Lair:1   | Found a gate leading to a gauntlet.
 12797 | Gauntlet | Entered a Gauntlet
 12797 | Gauntlet | Found a transporter.
 12809 | Gauntlet | Found a transporter.
 12822 | Gauntlet | Found a transporter.
 12827 | Gauntlet | Found a transporter.
 12848 | Gauntlet | Found a transporter.
 12861 | Gauntlet | Found a transporter.
 12873 | Gauntlet | Found a transporter.
 12889 | Gauntlet | Noticed a dire elephant
 12891 | Gauntlet | Found a transporter.
 12897 | Gauntlet | Found a transporter.
 12902 | Gauntlet | Found a large runed translucent door.
 12903 | Gauntlet | Found a large runed translucent door.
 12904 | Gauntlet | Found a large runed translucent door.
 12904 | Gauntlet | Found a large runed translucent door.
 12905 | Gauntlet | Found a runed translucent gate.
 12906 | Gauntlet | Found a transporter.
 12906 | Gauntlet | Found a runed translucent gate.
 12907 | Gauntlet | Found a runed translucent gate.
 12908 | Gauntlet | Found a large runed translucent door.
 12908 | Gauntlet | Found a large runed translucent door.
 12908 | Gauntlet | Found a runed translucent door.
 12908 | Gauntlet | Found a runed translucent door.
 12909 | Gauntlet | Found a large runed translucent door.
 12910 | Gauntlet | Found a large runed translucent door.
 12912 | Gauntlet | Found a transporter.
 12912 | Gauntlet | Found a transporter.
 12917 | Gauntlet | Found a large runed translucent door.
 12917 | Gauntlet | Found a large runed translucent door.
 12918 | Gauntlet | Found a large runed translucent door.
 12919 | Gauntlet | Found a large runed translucent door.
 12927 | Gauntlet | Found a transporter.
 12929 | Gauntlet | Found a large runed translucent door.
 12929 | Gauntlet | Found a large runed translucent door.
 12930 | Gauntlet | Found a large runed translucent door.
 12931 | Gauntlet | Found a large runed translucent door.
 12933 | Gauntlet | Found a transporter.
 12972 | Gauntlet | Found a transporter.
 12998 | Gauntlet | Reached ***** piety under Elyvilon
 12999 | Gauntlet | Noticed a catoblepas
 13017 | Gauntlet | Found a transporter.
 13017 | Gauntlet | Found a transporter.
 13094 | Gauntlet | Noticed a blizzard demon
 13181 | Gauntlet | Found a transporter.
 13244 | Gauntlet | Identified the ring of Qazxau {Str+6 Dex+5}
 13305 | Gauntlet | Identified the amulet of Leaves {Rampage ^Fragile rElec
                  | RegenMP+}
 13309 | Gauntlet | Identified the +2 helmet "Inycwosk" {rElec Str+2 Dex-2}
 13502 | Gauntlet | Noticed a minotaur
 13514 | Gauntlet | Killed a minotaur
 13714 | Gauntlet | Reached skill level 13 in Unarmed Combat
 15012 | Lair:2   | Found a staircase to the Shoals.
 15069 | Lair:2   | Reached skill level 10 in Fighting
 15382 | Lair:2   | Found a hole to the Spider Nest.
 15726 | Lair:2   | Reached XP level 13. HP: 59/103 MP: 16/18
 16207 | Lair:3   | Noticed Gastronok
 16226 | Lair:3   | Killed Gastronok
 16227 | Lair:3   | Reached skill level 14 in Unarmed Combat
 16583 | Lair:3   | Found the +1 robe of Vines {NoPotionHeal Regen++++}
 16891 | Lair:3   | Reached skill level 10 in Armour
 17455 | Lair:4   | Found a staircase to the Slime Pits.
 17455 | Lair:4   | Found a viscous altar of Jiyva.
 17588 | Lair:4   | Identified the +1 robe of Distant Worlds {+Inv rN+ Str+5
                  | Stlth-}
 17623 | Lair:4   | Reached ****** piety under Elyvilon
 17923 | Lair:5   | Entered Level 5 of the Lair of Beasts
 18302 | Lair:5   | Reached skill level 15 in Unarmed Combat
 18624 | Lair:5   | HP: 4/106 [eight-headed hydra (9)]
 18629 | Lair:5   | HP: 5/106 [eight-headed hydra (2)]
 19028 | Lair:5   | Reached XP level 14. HP: 113/113 MP: 21/21
 20007 | Lair:5   | HP: 1/113 [smoke demon/divine providence (12)]
 20787 | Lair:5   | Reached skill level 10 in Invocations
 20909 | Lair:5   | Found a corrupted altar of Lugonu.
 20909 | Lair:5   | Found a one-way gate to the infinite horrors of the Abyss.
 21413 | Lair:2   | Upgraded the game from 0.32-a0-596-g69a5a37 to
                  | 0.32-a0-607-g64ea0e4
 22082 | D:12     | Found a staircase to the Orcish Mines.
 22150 | D:12     | Noticed Jorgrun
 22213 | D:12     | Reached skill level 16 in Unarmed Combat
 23190 | D:12     | Killed Jorgrun
 24175 | Orc:1    | Entered Level 1 of the Orcish Mines
 24348 | Orc:1    | Found Kaypp's Magic Scroll Boutique.
 24377 | Orc:1    | Bought a scroll of revelation for 112 gold pieces
 24597 | Orc:2    | Entered Level 2 of the Orcish Mines
 24597 | Orc:2    | Found Qoirheec's Jewellery Emporium.
 24612 | Orc:2    | Reached XP level 15. HP: 21/121 MP: 20/23
 24612 | Orc:2    | Noticed an orc warlord
 24858 | Orc:2    | Noticed Josephine
 24867 | Orc:1    | Killed Josephine
 25648 | Orc:2    | Found Xorosiab's Book Shoppe.
 26035 | Orc:2    | Found Zaivi's Jewellery Shoppe.
 26036 | Orc:2    | Found Seurri's Antique Weapon Boutique.
 26358 | Orc:2    | Reached skill level 17 in Unarmed Combat
 27076 | Orc:2    | Pacified an orc warlord
 27319 | Orc:2    | Bought the ring "Wetanez" {rC+ rN+} for 442 gold pieces
 27393 | Orc:2    | Found a roughly hewn altar of Beogh.
 27426 | Orc:2    | Found a staircase to the Elven Halls.
 27958 | Orc:1    | Noticed an orc warlord
 27967 | Orc:1    | Killed an orc warlord
 28474 | D:13     | Identified the +12 dagger of Cujausel {heavy, rElec MP+9}
 29914 | D:13     | Found a gate to the Vaults.
 31894 | D:14     | Reached skill level 5 in Dodging
 32163 | D:15     | Entered Level 15 of the Dungeon
 32168 | D:15     | Found Yhodghuu's Antique Armour Emporium.
 32183 | D:15     | Found a hide-covered altar of Uskayaw.
 32300 | D:15     | Reached XP level 16. HP: 119/130 MP: 24/24
 32701 | D:15     | Found a staircase to the Depths.
 33019 | D:15     | Reached skill level 18 in Unarmed Combat
 33203 | D:15     | Identified the +11 trident of Classification {pain, Fly rF+
                  | rCorr Stlth+}
 34603 | D:6      | Bought the ring of Xuephipn {rPois rC+ Dex+6} for 813 gold
                  | pieces
 34890 | Spider:1 | Entered Level 1 of the Spider Nest
 35028 | Spider:1 | HP: 6/131 [poisoned by a wolf spider]
 35489 | Spider:1 | Identified the serpent talisman "Qoenk" {Int-2 Dex+5}
 35489 | Spider:1 | Noticed Aizul
 35513 | Spider:1 | Killed Aizul
 35808 | Spider:1 | Noticed Kirke
 35957 | Spider:1 | Killed Kirke
 39649 | Spider:2 | HP: 5/132 [redback (12)]
 39956 | Spider:2 | HP: 3/132 [ghost moth (7)]
 39956 | Spider:2 | Elyvilon protects you from harm!
 39956 | Spider:2 | Elyvilon protects you from harm!
 39957 | Spider:2 | Slain by a ghost moth

Illustrated notes

Levels and vault maps discovered:
D:1:      scummos_arrival_star, layout_loops_cross, minmay_tetromino_t2
D:2:      layout_loops_cross, serial_shops, nicolae_shop_rolling_square
D:3:      layout_basic, ebering_ecumenical_altar_abandoned,
          chequers_serial_rivers_room_a, amethyst_killhole
D:4:      layout_layer_cave
D:5:      layout_basic, minitemple, uniq_edmund, uniq_crazy_yiuf_cottage,
          uniq_duvessa, uniq_sigmund, uniq_ijyb
D:6:      layout_rooms, jmf_multi_god_temple, minmay_temple_entry_glass,
          serial_shops, shop, shop, uniq_blork_the_orc, uniq_maggie,
          uniq_eustachio, uniq_menkaure
D:7:      layout_loops_corners, gammafunk_temple_overflow_claw, uniq_pikel
D:8:      layout_loops_ring
D:9:      nicolae_cairo_tiling_very_big, layout_rooms, uniq_joseph
D:10:     layout_rooms, david_lair_shrubbed, serial_rivers,
          chequers_serial_rivers_large_a, chequers_serial_rivers_small_a,
          chequers_serial_rivers_small_3, chequers_serial_rivers_room_a,
          gammafunk_ghost_grave
D:11:     layout_gridville, serial_shops, shop
D:12:     layout_roguey, zombieorc2_lemuel, uniq_jorgrun
D:13:     layout_basic, grunt_vaults_entry_fortified,
          chequers_serial_rivers_micro_d
D:14:     layout_loops_corners, nicolae_water_bricks
D:15:     grunt_enter_depths_magical_seal, layout_loops_ring,
          nicolae_uskayaw_murder_on_the_dancefloor, serial_shops, shop
Temple:   nicolae_temple_superstar
Lair:1:   layout_cave_pods, gauntlet_entry_generic, grunt_megastairs_4
Lair:2:   layout_gridlike, elwin_shoals_entry_rocks,
          spider_nest_entry_funnel_web
Lair:3:   layout_long_grid, nicolae_quartered_pool_super, columned_hall_lemuel,
          hellmonk_guarded_unrand_vines, uniq_gastronok
Lair:4:   layout_misc_corridors, slime_entry_1
Lair:5:   hellmonk_lair_end_abyssal_woods, layout_regular_city,
          chequers_serial_rivers_room_a, disabler_island, lemuel_fruit_tree,
          grunt_megastairs_1
Spider:1: layout_spider_delve, uniq_aizul, uniq_kirke
Spider:2: layout_spider_delve, drop_trap
Spider:3: layout_spider_delve
Orc:1:    layout_caves, serial_shops, shop, minmay_orc_barracks
Orc:2:    st_orc_open, layout_caves, basic_altar, uniq_josephine

Skill      XL: |  1  2  3  4  5  6  7  8  9 10 11 12 13 14 15 16 |
---------------+-------------------------------------------------+-----
Armour         | 1 2 3 4 5 6 7 8 9 10 11 12 13 | 13.3
Unarmed Combat | 4 5 6 8 10 11 12 13 15 16 17 18 | 18.8
Fighting       | 4 5 6 7 8 9 10 11 12 13 | 13.8
Invocations    | 2 4 6 7 9 10 11 12 | 12.0
Evocations     | 2 4 5 7 8 |  8.3
Dodging        | 5 6 |  6.8

Action                     |  1- 3 |  4- 6 |  7- 9 | 10-12 | 13-15 | 16-18 || total
---------------------------+-------+-------+-------+-------+-------+-------++-------
  Melee: Unarmed           |   126 |   210 |   285 |   612 |  1300 |   493 ||  3026
  Throw: Dart              |       |     1 |     4 |       |       |       ||     5
 Invoke: Heal Other        |       |       |       |     2 |    10 |     1 ||    13
         Heal Self         |       |       |       |     2 |    11 |     5 ||    18
         Purification      |       |       |       |       |       |     2 ||     2
  Evoke: Wand              |       |       |     8 |     1 |     8 |    24 ||    41
         Sack of spiders   |       |       |       |       |     3 |       ||     3
         Phantom mirror    |       |       |       |       |     1 |       ||     1
         Condenser vane    |       |       |       |       |     1 |       ||     1
         Lightning rod     |       |       |       |       |       |     4 ||     4
    Use: Scroll            |     6 |     9 |     7 |     6 |     9 |     6 ||    43
         Potion            |       |       |       |     1 |     3 |     2 ||     6
   Stab: Paralysed         |       |       |       |       |     1 |    12 ||    13
 Armour: Robe              |    25 |       |       |       |   138 |       ||   163
         Leather armour    |    35 |    90 |    58 |       |       |       ||   183
         Swamp dragon scal |       |       |   110 |   462 |  1034 |   572 ||  2178
         Skin              |       |       |       |       |     6 |       ||     6
  Dodge: Dodged            |    59 |   120 |   176 |   335 |   760 |   416 ||  1866

Table legend: (Time is in decaauts)
 A = Elapsed time spent in this place.
 B = Non-inter-level travel time spent in this place.
 C = Inter-level travel time spent in this place.
 D = Time resting spent in this place.
 E = Time spent auto-exploring this place.
 F = Levels seen in this place.
 G = Mean time per level.
                   A        B        C        D        E       F      G
               +--------+--------+--------+--------+--------+-----+--------+
         Total |  39326 |  36989 |   2337 |   4294 |  27111 |  27 | 1456.5 |
       Dungeon |  21449 |  19824 |   1625 |   1677 |  15316 |  15 | 1429.9 |
        Temple |     27 |     14 |     13 |      0 |      0 |   1 |   27.0 |
          Lair |   8115 |   7635 |    480 |    628 |   5679 |   5 | 1623.0 |
   Spider Nest |   4708 |   4621 |     87 |    476 |   3560 |   3 | 1569.3 |
  Orcish Mines |   4028 |   3897 |    131 |   1267 |   2068 |   2 | 2014.0 |
      Gauntlet |    997 |    997 |      0 |    246 |    487 |   1 |  997.0 |
               +--------+--------+--------+--------+--------+-----+--------+

Top non-repeatable levels by time:
  Lair:5: 3298 daAuts
Spider:2: 3210 daAuts
   Orc:1: 2552 daAuts
    D:13: 2151 daAuts
     D:5: 2113 daAuts
    D:15: 1995 daAuts
    D:12: 1874 daAuts
    D:11: 1712 daAuts
     D:4: 1711 daAuts
    D:14: 1612 daAuts
  Lair:2: 1521 daAuts
   Orc:2: 1476 daAuts
  Lair:1: 1363 daAuts
     D:9: 1354 daAuts
Spider:1: 1295 daAuts
